 Dungeon Crawl Stone Soup version 0.20.1-1-g8b1a95d (webtiles) character file.

56 Flubber the Stinger (level 3, 0/21 HPs)
             Began as an Octopode Venom Mage on Oct 19, 2017.
             Hit by a goblin thrown by Robin (3 damage)
             ... on level 2 of the Dungeon.
             The game lasted 00:07:15 (1304 turns).

Flubber the Stinger (Octopode Venom Mage)           Turns: 1304, Time: 00:07:16

Health: 0/21       AC:  1    Str:  7    XL:     3   Next: 95%
Magic:  0/7        EV: 13    Int: 18    God:
Gold:   32         SH:  0    Dex: 12    Spells: 3/7 levels left

rFire    . . .     SeeInvis .   e - +0 dagger
rCold    . . .     Gourm    .   (no shield)
rNeg     . . .     Faith    .   (helmet restricted)
rPois    .         Spirit   .   (no amulet)
rElec    .         Reflect  .   (no ring)
rCorr    .         Harm     .   (no ring)
MR       .....                  (no ring)
Stlth    +++.......             (no ring)
Regen    0.1/turn               (no ring)
MPRegen  0.1/turn               (no ring)
                                (no ring)
                                (no ring)

@: no status effects
A: almost no armour, stealthy swim, amphibious, 8 rings, constrict 8, camouflage
1, gelatinous body 1
a: no special abilities


You were on level 2 of the Dungeon.
You were hungry.

You visited 1 branch of the dungeon, and saw 2 of its levels.

You collected 32 gold pieces.

Inventory:

Hand Weapons
 c - a +0 hand axe
 e - a +0 dagger (weapon)
Missiles
 i - a throwing net (quivered)
Scrolls
 d - a scroll of random uselessness {unknown}
 j - a scroll of enchant weapon {unknown}
 k - a scroll of magic mapping {unknown}
 l - a scroll of identify {unknown}
Books
 a - a Young Poisoner's Handbook

   Spells                             Type                      Level
   a - Sting                          Conjuration/Poison           1
   b - Poisonous Vapours              Poison/Air                   2
   c - Mephitic Cloud                 Conjuration/Poison/Air       3
   d - Olgreb's Toxic Radiance        Poison                       4
   e - Venom Bolt                     Conjuration/Poison           5
Comestibles
 b - 2 bread rations
 f - a royal jelly
 h - 3 fruits


   Skills:
 + Level 2.2 Dodging
 - Level 3.0 Stealth
 * Level 2.8 Spellcasting
 + Level 1.5 Conjurations
 + Level 0.4 Air Magic
 - Level 4.2 Poison Magic


You had 3 spell levels left.
You knew the following spells:

 Your Spells              Type           Power        Failure   Level  Hunger
a - Sting                 Conj/Pois      ##..         4%          1    None
b - Mephitic Cloud        Conj/Pois/Air  #.......     22%         3    ###....


Dungeon Overview and Level Annotations

Branches:
Dungeon (2/15)

Altars:
Ashenzari

Annotations:
D:2 Robin, Sigmund


Innate Abilities, Weirdness & Mutations

You cannot wear most types of armour.
You are very stealthy in the water. (Stealth+)
You are amphibious.
You can wear up to eight rings at the same time.
You can use your tentacles to constrict eight enemies at once.
Your skin changes colour to match your surroundings (Stealth+).
Your rubbery body absorbs attacks. (AC +1, EV +1)


Message History

You hit the dart slug but do no damage. You grab the dart slug.
The dart slug is almost dead.
You constrict the dart slug.
You kill the dart slug!
A goblin comes into view. It is wielding a dagger.
Found a ring mail.
You see here a dart slug corpse.
You aren't carrying any potions.
Okay, then.
Robin says, "Feeling lonely?"
Found a scroll labeled YMEOJ XIMUSUO.
Casting: Sting
Confirm with . or Enter, or press ? or * to list all spells.
Aiming: Sting
Press: ? - help, Shift-Dir - straight line, f - goblin
Aim: a goblin, wielding a club (unusually strong)
The sting hits the goblin.
The goblin is severely wounded.
Robin throws the goblin at you!
You die...

#################
...?gg...g......#
g#.....#......#
#.....#..g...#
##...##..[...#
#...#.......#
##.##.....g.#
#.#....###@#
########
####.###..g#
#.......
...###......
#.......
._.#?......#.....
#.......
###....##.....
#....... ###..
#..... ######.#
### #..... #.#
##.......######.#
.......#......#.#


You could see Robin and 3 goblins.

Vanquished Creatures
  Natasha (D:2)
  A worm (D:2)
  2 dart slugs (D:2)
  3 giant cockroaches
  4 goblins (D:1)
  A hobgoblin (D:1)
  6 bats
  A frilled lizard (D:1)
  3 kobolds (D:1)
  4 rats
26 creatures vanquished.

Notes
Turn   | Place    | Note
-------+----------+-------------------------------------------
     0 | D:1      | Flubber the Octopode Venom Mage began the quest for the Orb.
     0 | D:1      | Reached XP level 1. HP: 11/11 MP: 3/3
   188 | D:1      | Reached XP level 2. HP: 17/17 MP: 0/5
   741 | D:2      | Reached skill level 4 in Poison Magic
   933 | D:2      | Reached XP level 3. HP: 14/21 MP: 4/6
   994 | D:2      | Noticed Natasha
  1000 | D:2      | Learned a level 3 spell: Mephitic Cloud
  1001 | D:2      | Noticed Sigmund
  1228 | D:2      | Killed Natasha
  1291 | D:2      | Found a shattered altar of Ashenzari.
  1292 | D:2      | Noticed Robin
  1304 | D:2      | Hit by a goblin thrown by Robin

Skill      XL: |  1  2 |
---------------+-------+-----
Stealth        | 3 |  3.0
Poison Magic   | 4 |  4.2
Dodging        | |  2.2
Spellcasting   | |  2.8
Conjurations   | |  1.5
Air Magic      | |  0.4

Action                   || total
-------------------------++-------
Melee: Hand axe          ||     8
       Constrict         ||    10
       Unarmed           ||     2
       Dagger            ||    21
       Tentacles         ||     1
 Cast: Sting             ||    46
  Use: Potion            ||     3
       Scroll            ||     1
  Eat: Chunk             ||     1
Armor: Skin              ||     2
Dodge: Dodged            ||    29
